 Dungeon Crawl Stone Soup version 0.23.0-38-g208d714 (webtiles) character file.

Game seed: 0

96004 vishdafish the Blocker (level 16, -5/125 HPs)
             Began as a Gnoll Fighter on Feb 27, 2019.
             Was the Champion of Ru.
             Slain by a sixfirhy (12 damage)
             ... summoned by an orc high priest
             ... on level 2 of the Orcish Mines on Feb 28, 2019.
             The game lasted 01:10:44 (27845 turns).

vishdafish the Blocker (Gnoll Fighter)             Turns: 27845, Time: 01:10:45

Health: -5/125     AC: 19    Str: 24    XL:     16   Next: 15%
Magic:  29/29      EV: 18    Int: 11    God:    Ru [******]
Gold:   1369       SH: 13    Dex: 19    Spells: 34/34 levels left

rFire    x . .     SeeInvis .   z - +3 scimitar (flame)
rCold    + . .     Gourm    .   c - +0 shield
rNeg     + . .     Faith    .   B - +2 ring mail {rC+}
rPois    .         Spirit   .   K - +0 helmet
rElec    .         Reflect  .   X - scarf {repulsion}
rCorr    .         Harm     .   A - +1 pair of gloves {Dex+3}
MR       .....     Clarity  +   i - +1 pair of boots
Stlth    +++.......             y - amulet of rage
HPRegen  0.30/turn              S - +3 ring of protection
MPRegen  0.21/turn              C - ring of the Harvest {rC+ rN+ Stlth-}

@: no potions, very slightly contaminated, repel missiles
A: distributed training, fangs 1, clarity, inability to drink while threatened,
magic vulnerability 1, unskilled 1, temperature sensitive, strong nose
a: Draw Out Power, Power Leap, Apocalypse, Renounce Religion, Evoke Berserk Rage


You were on level 2 of the Orcish Mines.
You worshipped Ru.
Ru was exalted by your worship.
You were hungry.

You visited 3 branches of the dungeon, and saw 23 of its levels.
You also visited: Bailey, Gauntlet and Ice Cave.

You collected 1941 gold pieces.
You spent 572 gold pieces at shops.

Inventory:

Hand Weapons
 z - a +3 scimitar of flaming (weapon)
Missiles
 G - 16 tomahawks
 O - 23 javelins (quivered)
Armour
 c - a +0 shield (worn)
 i - a +1 pair of boots (worn)
 A - a +1 pair of gloves of dexterity (worn)
 B - a +2 ring mail of cold resistance (worn)
 K - a +0 helmet (worn)
 X - a scarf of repulsion (worn)
Jewellery
 o - the ring "Veyneithrics" {Ice -Tele +Inv rElec MR++}
   (You found it in an ice cave)

   [ring of ice]

   It enhances your ice magic.
   It makes you vulnerable to fire.
   It protects you from cold.
   It insulates you from electricity.
   It affects your resistance to hostile enchantments.
   It lets you turn invisible.
   It prevents most forms of teleportation.
 v - an uncursed ring of protection from cold
 y - an amulet of rage (around neck)
 C - the ring of the Harvest (right hand) {rC+ rN+ Stlth-}
   (You found it in a Gauntlet)

   [ring of attention]

   It protects you from cold.
   It protects you from negative energy.
   It makes you less stealthy.
 D - an uncursed ring of poison resistance
 I - an uncursed amulet of regeneration
 R - an uncursed ring of protection from fire
 S - a +3 ring of protection (left hand)
 Y - an uncursed ring of positive energy
 Z - a +3 amulet of reflection
Wands
 a - a wand of scattershot (3)
 d - a wand of iceblast (13)
 x - a wand of polymorph (14)
 F - a wand of paralysis (22)
 J - a wand of digging (12)
 Q - a wand of clouds (7)
 U - a wand of enslavement (7)
Scrolls
 k - 5 scrolls of blinking
 m - 4 scrolls of enchant weapon
 n - 2 scrolls of fog
 q - 4 scrolls of teleportation
 r - 7 scrolls of amnesia
 s - 12 scrolls of remove curse
 E - 2 scrolls of identify
 L - 3 scrolls of immolation
 M - a scroll of summoning
 N - 4 scrolls of enchant armour
 V - a scroll of magic mapping
Potions
 e - 6 potions of flight
 g - 9 potions of curing
 h - 5 potions of magic
 j - 3 potions of agility
 l - 6 potions of resistance
 p - 7 potions of heal wounds
 t - 3 potions of lignification
 u - a potion of cancellation {unknown}
 w - 3 potions of mutation
 H - a potion of brilliance
 P - a potion of berserk rage
 T - a potion of haste
 W - 4 potions of might
Miscellaneous
 b - a crystal ball of energy
Comestibles
 f - 32 rations


   Skills:
 + Level 11.2 Fighting
 + Level 9.6 Short Blades
 + Level 10.4 Long Blades
 + Level 9.6 Axes
 + Level 9.6 Maces & Flails
 + Level 9.6 Polearms
 + Level 9.6 Staves
 + Level 9.6 Slings
 + Level 9.6 Bows
 + Level 9.6 Crossbows
 + Level 9.6 Throwing
 + Level 11.2 Armour
 + Level 9.6 Dodging
 + Level 9.6 Stealth
 + Level 11.2 Shields
 + Level 9.6 Unarmed Combat
 + Level 9.6 Spellcasting
 + Level 8.0 Conjurations
 + Level 8.0 Hexes
 + Level 8.0 Charms
 + Level 8.0 Summonings
 + Level 8.0 Necromancy
 + Level 8.0 Translocations
 + Level 8.0 Transmutations
 + Level 8.0 Fire Magic
 + Level 8.0 Ice Magic
 + Level 8.0 Air Magic
 + Level 8.0 Earth Magic
 + Level 8.0 Poison Magic
 + Level 10.4 Invocations
 + Level 9.6 Evocations


You had 34 spell levels left.
You didn't know any spells.
Your spell library contained the following spells:

 Spells                   Type           Power        Failure   Level  Hunger
 Confusing Touch          Hex            ###...       1%          1    None
 Corona                   Hex            ###....      1%          1    None
 Freeze                   Ice            ###.         1%          1    None
 Sandblast                Erth           ###...       1%          1    None
 Ensorcelled Hibernation  Hex/Ice        ###...       1%          2    None
 Passwall                 Tmut/Erth      ###.....     1%          2    None
 Throw Frost              Conj/Ice       ###...       1%          2    None
 Confuse                  Hex            ###.....     3%          3    ##.....
 Dazzling Spray           Conj/Hex       ###...       3%          3    ##.....
 Gell's Gravitas          Tloc           ###.......   3%          3    ##.....
 Ozocubu's Armour         Chrm/Ice       ###.....     3%          3    ##.....
 Stone Arrow              Conj/Erth      ###...       3%          3    ##.....
 Tukima's Dance           Hex            ###.....     3%          3    ##.....
 Ice Form                 Ice/Tmut       ###.....     11%         4    ####...
 Petrify                  Tmut/Erth      ###.....     11%         4    ####...
 Summon Ice Beast         Ice/Summ       ###.....     11%         4    ####...
 Throw Icicle             Conj/Ice       ###.....     11%         4    ####...
 Lee's Rapid Deconstruct  Erth           ###.......   30%         5    #####..
 Metabolic Englaciation   Hex/Ice        ###.......   30%         5    #####..
 Yara's Violent Unravell  Hex/Tmut       ###.......   30%         5    #####..
 Bolt of Cold             Conj/Ice       ###.......   86%         6    #######
 Freezing Cloud           Conj/Ice/Air   ###.......   86%         6    #######
 Ozocubu's Refrigeration  Ice            ###.......   86%         6    #######
 Simulacrum               Ice/Necr       ###.......   86%         6    #######


Dungeon Overview and Level Annotations

Branches:
Dungeon (15/15)            Temple (0/1) D:4            Lair (6/6) D:10
 Shoals (0/4) Lair:4        Snake (0/4) Lair:4        Slime (0/5) Lair:6
    Orc (2/2) D:12         Vaults (0/5) D:13
    Elf: Orc:2       Depths: D:15

Altars:
Fedhas
Hepliaklqana
Kikubaaqudgha
Okawaru
Qazlal
Ru
Wu Jian
Xom
Yredelemnul
Jiyva

Shops:
D:9 }   D:11 !   D:12 [

Annotations:
D:9 5 transporters


Innate Abilities, Weirdness & Mutations

Your experience applies equally to all skills.
You have very sharp teeth.
You cannot drink potions while threatened.
You are slightly vulnerable to magic. (MR-)
You are somewhat unskilled. (-1 Apt)
You are sensitive to extremes of temperature. (rF-, rC-)
Your uncanny sense of smell can sniff out nearby items.
You possess an exceptional clarity of mind.


Message History

You can drink potions again.
The orc priest begins to pray, but is stunned by your will!
The orc priest miscasts a cantrip.
There is a stone staircase leading up here.
Unknown command.
Unknown command.
Unknown command.
Blink to where?
Press: ? - help, Dir - move target cursor You are very lightly contaminated with residual magic.
As you read the scroll of blinking, it crumbles to dust.
The sixfirhy hits you!
You feel threatened and lose the ability to drink potions!
* * * LOW HITPOINT WARNING * * *
The sixfirhy shocks you!
* * * LOW HITPOINT WARNING * * *
The sixfirhy hits you!
* * * LOW HITPOINT WARNING * * *
The sixfirhy shocks you!
You die...

.........................
............................
...................#........
#....<....................$##
...................#.....##$###
........................##....#
........(...(..................
............)....)..........#
#..............3@[..........#
............o..#o[.........##
..............#§o.).........####
.....$........#oo......##....#.##
#..............#oo.....#........#
...........##.oo.................
...........###.#4...............#
...#...#...#...o................#
......§...#)...................##


You could see an orc high priest, an orange demon, a sixfirhy, an orc warrior, 3
orc priests, 2 orc wizards and 3 orcs.

Vanquished Creatures
  A frost giant (IceCv)
  A very ugly thing (D:13)
  An ironheart preserver (D:13)
  A minotaur (Gauntlet)
  Snorg (Lair:5)
  A blizzard demon (Gauntlet)
  An ogre mage (D:15)
  A great orb of eyes (D:12)
  5 centaur warriors
  8 hydras
  2 death knights
  11 two-headed ogres
  2 tengu warriors (D:14)
  Erica (D:10)
  3 death yaks (Lair:6)
  A wretched star (Gauntlet)
  14 slime creatures
  2 unseen horrors
  An orc knight (Bailey)
  A wizard (D:14)
  4 ugly things
  4 cyclopes
  2 orc sorcerers (Bailey)
  4 deep elf magi (D:13)
  2 manticores
  A merfolk siren (Lair:4)
  Maurice (D:12)
  5 centaur zombies
  3 black mambas
  25 spiny frogs
  3 rime drakes
  3 kobold demonologists
  4 komodo dragons
  A redback zombie (D:7)
  2 freezing wraiths
  2 hellwings (D:7)
  2 tengu conjurers (D:13)
  3 meliai (Lair:4)
  5 trolls
  A meliai (shapeshifter) (D:13)
  A queen bee (Lair:4)
  3 hornets
  15 polar bears (IceCv)
  4 tyrant leeches (Lair:6)
  7 dream sheep
  4 hippogriffs
  A meliai zombie (D:7)
  25 blink frogs
  37 yaks
  A shadow (D:13)
  2 basilisks
  A water elemental (D:12)
  3 wyverns
  A human (D:9)
  A steam dragon (D:12)
  A basilisk (shapeshifter) (D:13)
  5 hungry ghosts
  10 vampire mosquitoes
  2 nagas (Lair:4)
  2 wargs (D:10)
  2 acid dragons
  A water moccasin (shapeshifter) (D:13)
  15 water moccasins
  8 porcupines
  2 sky beasts
  23 orc warriors
  4 phantoms
  4 ice beasts
  14 ogres
  2 black bears
  3 eyes of draining
  An ogre (shapeshifter) (D:12)
  35 wolves
  14 crocodiles
  14 centaurs
  5 big kobolds
  32 bullfrogs
  A wyvern zombie (D:10)
  A wyvern skeleton (D:13)
  2 water moccasin zombies
  6 scorpions
  2 small abominations (Gauntlet)
  22 killer bees
  13 wights
  11 electric eels
  3 howler monkeys
  4 crimson imps
  3 bullfrog zombies
  9 centaur skeletons
  2 jellies
  5 hounds
  15 orc priests
  3 bullfrog skeletons
  29 orc wizards
  Terence (D:2)
  2 iguanas
  16 worker ants
  A worker ant zombie (D:6)
  11 adders
  5 gnolls (Bailey)
  7 shadow imps
  An ooze (D:6)
  An adder skeleton (D:8)
  An adder zombie (D:9)
  4 worms
  2 dart slugs
  4 leopard geckos
  69 orcs
  3 giant cockroaches
  15 goblins
  16 hobgoblins
  3 jackals (D:7)
  4 quokkas
  3 ball pythons
  9 bats
  6 frilled lizards
  22 kobolds
  A quokka skeleton (D:5)
  7 rats
  A plant (Lair:6)
787 creatures vanquished.

Vanquished Creatures (others)
  A hydra (Lair:1)
  A two-headed ogre (D:10)
  A centaur skeleton (D:12)
  A yak (Lair:1)
  A shadow (D:14)
  An ice beast (D:9)
  A wolf (IceCv)
  2 orcs
  3 goblins (Bailey)
  A kobold (D:11)
  5 fungi
  51 plants
69 creatures vanquished.

Grand Total: 856 creatures vanquished

Notes
Turn   | Place    | Note
-------+----------+-------------------------------------------
     0 | D:1      | vishdafish the Gnoll Fighter began the quest for the Orb.
     0 | D:1      | Reached XP level 1. HP: 23/23 MP: 1/1
     6 | D:1      | Noticed a black mamba
     6 | D:1      | Noticed a polar bear
     6 | D:1      | Noticed an iguana
   102 | D:1      | Reached XP level 2. HP: 29/29 MP: 2/2
   573 | D:2      | Noticed Terence
   584 | D:2      | Killed Terence
   584 | D:2      | Reached skill level 1 in Invocations
   584 | D:2      | Reached XP level 3. HP: 32/35 MP: 2/4
   599 | D:2      | Reached skill level 1 in Short Blades
   599 | D:2      | Reached skill level 1 in Axes
   599 | D:2      | Reached skill level 1 in Maces & Flails
   599 | D:2      | Reached skill level 1 in Polearms
   599 | D:2      | Reached skill level 1 in Staves
   599 | D:2      | Reached skill level 1 in Slings
   599 | D:2      | Reached skill level 1 in Bows
   599 | D:2      | Reached skill level 1 in Crossbows
   599 | D:2      | Reached skill level 1 in Throwing
   599 | D:2      | Reached skill level 1 in Dodging
   599 | D:2      | Reached skill level 1 in Stealth
   599 | D:2      | Reached skill level 1 in Unarmed Combat
   599 | D:2      | Reached skill level 1 in Spellcasting
   599 | D:2      | Reached skill level 1 in Evocations
   599 | D:2      | Reached XP level 4. HP: 37/41 MP: 3/5
   748 | D:2      | Reached skill level 1 in Conjurations
   748 | D:2      | Reached skill level 1 in Hexes
   748 | D:2      | Reached skill level 1 in Charms
   748 | D:2      | Reached skill level 1 in Summonings
   748 | D:2      | Reached skill level 1 in Necromancy
   748 | D:2      | Reached skill level 1 in Translocations
   748 | D:2      | Reached skill level 1 in Transmutations
   748 | D:2      | Reached skill level 1 in Fire Magic
   748 | D:2      | Reached skill level 1 in Ice Magic
   748 | D:2      | Reached skill level 1 in Air Magic
   748 | D:2      | Reached skill level 1 in Earth Magic
   748 | D:2      | Reached skill level 1 in Poison Magic
   887 | D:2      | Reached XP level 5. HP: 44/47 MP: 6/6
   909 | D:2      | Found a blossoming altar of Fedhas.
  1986 | D:3      | Reached XP level 6. HP: 9/53 MP: 8/8
  2377 | D:4      | Noticed a phantom
  2414 | D:3      | Killed a phantom
  2414 | D:3      | Reached skill level 5 in Long Blades
  2735 | D:4      | Found a sacrificial altar of Ru.
  2795 | D:4      | Reached XP level 7. HP: 46/59 MP: 10/10
  2839 | D:4      | Became a worshipper of Ru the Awakened
  3048 | D:4      | Found a staircase to the Ecumenical Temple.
  3131 | D:4      | Found an ornate altar of the Wu Jian Council.
  3131 | D:4      | Found an ancient bone altar of Kikubaaqudgha.
  3255 | D:4      | Found a shimmering altar of Xom.
  3373 | D:5      | Entered Level 5 of the Dungeon
  3936 | D:5      | Found a basalt altar of Yredelemnul.
  3987 | D:5      | Reached XP level 8. HP: 57/67 MP: 12/12
  4292 | D:6      | Gained mutation: You are somewhat unskilled. (-1 Apt) [Ru
                  | sacrifice]
  4292 | D:6      | Reached * piety under Ru
  4292 | D:6      | Reached ** piety under Ru
  5346 | D:7      | Got a twisted quarterstaff
  5347 | D:7      | Identified the +5 quarterstaff of Inli {crush, rPois} (You
                  | found it on level 7 of the Dungeon)
  5563 | D:7      | Reached XP level 9. HP: 58/71 MP: 13/13
  5614 | D:7      | Noticed a hellwing
  6025 | D:7      | Killed a hellwing
  6025 | D:7      | Reached XP level 10. HP: 18/79 MP: 16/16
  6370 | D:7      | Reached skill level 5 in Invocations
  6944 | D:8      | Found a stormy altar of Qazlal.
  6964 | D:8      | Found an iron altar of Okawaru.
  6975 | D:8      | Gained mutation: You are sensitive to extremes of
                  | temperature. (rF-, rC-) [Ru sacrifice]
  6975 | D:8      | Reached *** piety under Ru
  6975 | D:8      | Reached **** piety under Ru
  6998 | D:8      | Noticed a two-headed ogre
  7031 | D:8      | Killed a two-headed ogre
  7058 | D:8      | Reached skill level 5 in Short Blades
  7058 | D:8      | Reached skill level 5 in Axes
  7058 | D:8      | Reached skill level 5 in Maces & Flails
  7058 | D:8      | Reached skill level 5 in Polearms
  7058 | D:8      | Reached skill level 5 in Staves
  7058 | D:8      | Reached skill level 5 in Slings
  7058 | D:8      | Reached skill level 5 in Bows
  7058 | D:8      | Reached skill level 5 in Crossbows
  7058 | D:8      | Reached skill level 5 in Throwing
  7058 | D:8      | Reached skill level 5 in Dodging
  7058 | D:8      | Reached skill level 5 in Stealth
  7058 | D:8      | Reached skill level 5 in Unarmed Combat
  7058 | D:8      | Reached skill level 5 in Spellcasting
  7058 | D:8      | Reached skill level 5 in Evocations
  7514 | D:8      | Noticed a two-headed ogre
  7519 | D:8      | Killed a two-headed ogre
  7600 | D:8      | Reached XP level 11. HP: 72/86 MP: 18/18
  8354 | D:9      | Found a transporter.
  8355 | D:9      | Found a transporter.
  8358 | D:9      | Noticed a flayed ghost
  8368 | D:9      | Found a transporter.
  8368 | D:9      | Found a transporter.
  8665 | D:9      | Found Waer's Gadget Emporium.
  8688 | D:9      | Bought a wand of scattershot (4) for 312 gold pieces
  8812 | D:9      | Found a transporter.
  8824 | D:9      | Noticed a two-headed ogre
  8909 | D:10     | Entered Level 10 of the Dungeon
  8909 | D:10     | Noticed a two-headed ogre
  8922 | D:10     | Gained mutation: You cannot drink potions while threatened.
                  | [Ru sacrifice]
  8922 | D:10     | Reached ***** piety under Ru
  8928 | D:10     | Killed a two-headed ogre
  9078 | D:10     | Found a staircase to the Lair.
  9098 | D:10     | Found a flagged portal.
  9198 | Bailey   | Entered a bailey
  9264 | Bailey   | Found an iron altar of Okawaru.
  9264 | Bailey   | Noticed an orc sorcerer
  9264 | Bailey   | Noticed an orc sorcerer
  9269 | Bailey   | Killed an orc sorcerer
  9272 | Bailey   | Killed an orc sorcerer
  9274 | Bailey   | Noticed an orc knight
  9290 | Bailey   | Killed an orc knight
  9899 | Bailey   | Got an iridescent rapier
  9902 | Bailey   | Identified the +9 rapier "Wabludov" {vamp, *Drain rPois rF+
                  | Int+2} (You found it in a bailey)
 10242 | D:10     | Noticed Erica
 10248 | D:10     | Killed Erica
 10248 | D:10     | Reached skill level 5 in Conjurations
 10248 | D:10     | Reached skill level 5 in Hexes
 10248 | D:10     | Reached skill level 5 in Charms
 10248 | D:10     | Reached skill level 5 in Summonings
 10248 | D:10     | Reached skill level 5 in Necromancy
 10248 | D:10     | Reached skill level 5 in Translocations
 10248 | D:10     | Reached skill level 5 in Transmutations
 10248 | D:10     | Reached skill level 5 in Fire Magic
 10248 | D:10     | Reached skill level 5 in Ice Magic
 10248 | D:10     | Reached skill level 5 in Air Magic
 10248 | D:10     | Reached skill level 5 in Earth Magic
 10248 | D:10     | Reached skill level 5 in Poison Magic
 10287 | D:10     | Reached XP level 12. HP: 62/94 MP: 21/21
 11308 | D:10     | Noticed a two-headed ogre
 11316 | D:10     | Killed a two-headed ogre
 11509 | D:10     | Gained mutation: You are slightly vulnerable to magic.
                  | (MR-) [Ru sacrifice]
 11509 | D:10     | Reached ****** piety under Ru
 11589 | D:11     | Found Yckynix's Distillery.
 11632 | D:11     | Bought 2 potions of resistance for 260 gold pieces
 12685 | D:12     | Noticed a centaur warrior
 12690 | D:12     | Killed a centaur warrior
 12700 | D:12     | Noticed a two-headed ogre
 12708 | D:12     | Killed a two-headed ogre
 12913 | D:12     | Found a staircase to the Orcish Mines.
 13217 | Lair:1   | Entered Level 1 of the Lair of Beasts
 13243 | Lair:1   | Noticed an eight-headed hydra
 13256 | Lair:1   | Killed an eight-headed hydra
 13533 | Lair:1   | Reached XP level 13. HP: 65/101 MP: 23/23
 16245 | Lair:4   | Found a staircase to the Snake Pit.
 17211 | Lair:4   | Found a staircase to the Shoals.
 17312 | Lair:4   | Reached XP level 14. HP: 100/109 MP: 25/25
 17936 | Lair:5   | Reached skill level 10 in Fighting
 17936 | Lair:5   | Reached skill level 10 in Armour
 17936 | Lair:5   | Reached skill level 10 in Shields
 18037 | Lair:5   | Found a gate leading to a gauntlet.
 18068 | Gauntlet | Entered a Gauntlet
 18068 | Gauntlet | Found a transporter.
 18068 | Gauntlet | Found a transporter.
 18069 | Gauntlet | Found a transporter.
 18072 | Gauntlet | Found a transporter.
 18072 | Gauntlet | Found a transporter.
 18085 | Gauntlet | Found a transporter.
 18088 | Gauntlet | Found a transporter.
 18183 | Gauntlet | Got a faintly glowing marble ring
 18185 | Gauntlet | Identified the ring of the Harvest {rC+ rN+ Stlth-} (You
                  | found it in a Gauntlet)
 18190 | Gauntlet | Gained mutation: You have sharp toenails. [potion of
                  | mutation]
 18190 | Gauntlet | Gained mutation: Armour fits poorly on your strangely
                  | shaped body. [potion of mutation]
 18190 | Gauntlet | Gained mutation: You have a pair of small horns on your
                  | head. [potion of mutation]
 18190 | Gauntlet | Gained mutation: You have sharp fingernails. [potion of
                  | mutation]
 18191 | Gauntlet | Lost mutation: Armour fits poorly on your strangely shaped
                  | body. [potion of mutation]
 18191 | Gauntlet | Lost mutation: You have a pair of small horns on your head.
                  | [potion of mutation]
 18191 | Gauntlet | Gained mutation: You have a pair of small antennae on your
                  | head. [potion of mutation]
 18192 | Gauntlet | Lost mutation: You have a pair of small antennae on your
                  | head. [potion of mutation]
 18192 | Gauntlet | Lost mutation: You have sharp fingernails. [potion of
                  | mutation]
 18192 | Gauntlet | Lost mutation: You have sharp toenails. [potion of
                  | mutation]
 18192 | Gauntlet | Gained mutation: You are clumsy. (Dex -2) [potion of
                  | mutation]
 18192 | Gauntlet | Gained mutation: You expend magic power (3 MP) to
                  | strengthen your wands. [potion of mutation]
 18193 | Gauntlet | Lost mutation: You are clumsy. (Dex -2) [potion of
                  | mutation]
 18193 | Gauntlet | Lost mutation: You expend magic power (3 MP) to strengthen
                  | your wands. [potion of mutation]
 18193 | Gauntlet | Gained mutation: You possess an exceptional clarity of
                  | mind. [potion of mutation]
 18209 | Gauntlet | Found a transporter.
 18321 | Gauntlet | Found a transporter.
 18736 | Lair:5   | Noticed Snorg
 18744 | Lair:5   | Killed Snorg
 18989 | Lair:6   | Entered Level 6 of the Lair of Beasts
 19227 | Lair:6   | Found a frozen archway.
 19275 | IceCv    | Entered an ice cave
 20078 | IceCv    | Noticed a frost giant
 20099 | IceCv    | Killed a frost giant
 20276 | IceCv    | Identified the Grimoire of Snow
 20280 | IceCv    | Got a bound glass ring
 20282 | IceCv    | Identified the ring "Veyneithrics" {Ice -Tele +Inv rElec
                  | MR++} (You found it in an ice cave)
 20718 | Lair:6   | Found a viscous altar of Jiyva.
 20727 | Lair:6   | Found a staircase to the Slime Pits.
 20920 | Lair:6   | Reached XP level 15. HP: 47/117 MP: 27/27
 21477 | Lair:6   | Identified the ring "Arijor" {*Contam rN+ MR++ AC+1 Dex-5}
                  | (You found it on level 6 of the Lair of Beasts)
 22642 | D:13     | Found a gate to the Vaults.
 23221 | D:13     | Reached skill level 10 in Long Blades
 24200 | D:12     | Found Ogil's Antique Armour Boutique.
 24233 | D:12     | Noticed Maurice
 24245 | D:12     | Killed Maurice
 24320 | D:12     | Reached skill level 10 in Invocations
 25209 | D:13     | Got a twitching bone amulet
 26022 | D:14     | Identified the amulet "Gikiem" {Harm *Drain +Fly rElec
                  | Int+2} (You acquired it on level 13 of the Dungeon)
 26071 | D:14     | Found a hazy altar of Hepliaklqana.
 26487 | D:15     | Entered Level 15 of the Dungeon
 26828 | D:15     | Reached XP level 16. HP: 95/125 MP: 29/29
 27260 | Orc:1    | Entered Level 1 of the Orcish Mines
 27597 | Orc:2    | Entered Level 2 of the Orcish Mines
 27845 | Orc:2    | Slain by a sixfirhy

Skill      XL: |  1  2  3  4  5  6  7  8  9 10 11 12 13 14 15 16 |
---------------+-------------------------------------------------+-----
Invocations    | 1 2 3 3 4 5 6 7 8 9 10 | 10.4
Short Blades   | 1 2 3 4 5 6 7 8 9 |  9.6
Axes           | 1 2 3 4 5 6 7 8 9 |  9.6
Maces & Flails | 1 2 3 4 5 6 7 8 9 |  9.6
Polearms       | 1 2 3 4 5 6 7 8 9 |  9.6
Staves         | 1 2 3 4 5 6 7 8 9 |  9.6
Slings         | 1 2 3 4 5 6 7 8 9 |  9.6
Bows           | 1 2 3 4 5 6 7 8 9 |  9.6
Crossbows      | 1 2 3 4 5 6 7 8 9 |  9.6
Throwing       | 1 2 3 4 5 6 7 8 9 |  9.6
Dodging        | 1 2 3 4 5 6 7 8 9 |  9.6
Stealth        | 1 2 3 4 5 6 7 8 9 |  9.6
Unarmed Combat | 1 2 3 4 5 6 7 8 9 |  9.6
Spellcasting   | 1 2 3 4 5 6 7 8 9 |  9.6
Evocations     | 1 2 3 4 5 6 7 8 9 |  9.6
Conjurations   | 1 2 3 4 5 6 7 8 |  8.0
Hexes          | 1 2 3 4 5 6 7 8 |  8.0
Charms         | 1 2 3 4 5 6 7 8 |  8.0
Summonings     | 1 2 3 4 5 6 7 8 |  8.0
Necromancy     | 1 2 3 4 5 6 7 8 |  8.0
Translocations | 1 2 3 4 5 6 7 8 |  8.0
Transmutations | 1 2 3 4 5 6 7 8 |  8.0
Fire Magic     | 1 2 3 4 5 6 7 8 |  8.0
Ice Magic      | 1 2 3 4 5 6 7 8 |  8.0
Air Magic      | 1 2 3 4 5 6 7 8 |  8.0
Earth Magic    | 1 2 3 4 5 6 7 8 |  8.0
Poison Magic   | 1 2 3 4 5 6 7 8 |  8.0
Long Blades    | 5 6 7 8 9 10 | 10.4
Fighting       | 7 6 7 8 9 10 11 | 11.2
Armour         | 7 6 7 8 9 10 11 | 11.2
Shields        | 7 6 7 8 9 10 11 | 11.2

Action                   |  1- 3 |  4- 6 |  7- 9 | 10-12 | 13-15 | 16-18 || total
-------------------------+-------+-------+-------+-------+-------+-------++-------
Melee: Long sword        |    68 |   154 |   128 |       |       |       ||   350
       Bite              |     4 |    17 |    47 |   105 |   242 |    28 ||   443
       War axe           |       |       |    53 |       |       |       ||    53
       Quarterstaff      |       |       |   116 |   372 |       |       ||   488
       Rapier            |       |       |       |    23 |       |       ||    23
       Punch             |       |       |       |     1 |       |       ||     1
       Scimitar          |       |       |       |   285 |  1332 |   154 ||  1771
Throw: Tomahawk          |       |       |       |    51 |    63 |       ||   114
       Javelin           |       |       |       |       |    63 |       ||    63
Invok: Sacrifice Skill   |       |       |     1 |       |       |       ||     1
       Sacrifice Resista |       |       |       |     1 |       |       ||     1
       Power Leap        |       |       |       |     3 |     1 |     1 ||     5
       Draw Out Power    |       |       |       |     5 |     4 |     1 ||    10
       Sacrifice Drink   |       |       |       |     1 |       |       ||     1
       Sacrifice Essence |       |       |       |     1 |       |       ||     1
 Abil: Evoke Berserk Rag |       |       |       |     9 |     8 |     1 ||    18
Evoke: Wand              |       |     2 |     3 |    10 |    24 |       ||    39
  Use: Scroll            |       |     4 |     5 |     8 |    21 |     1 ||    39
       Potion            |       |     2 |     2 |     1 |     6 |       ||    11
 Stab: Sleeping          |       |       |       |    13 |    19 |     1 ||    33
       Invisible         |       |       |       |     7 |     5 |       ||    12
       Distracted        |       |       |       |     5 |    16 |     1 ||    22
       Paralysed         |       |       |       |    19 |    18 |     2 ||    39
  Eat: Chunk             |       |     6 |     6 |    18 |    27 |     2 ||    59
       Ration            |       |       |     3 |     6 |     8 |     1 ||    18
Armor: Scale mail        |    34 |    54 |   129 |    37 |       |       ||   254
       Ring mail         |       |       |       |   156 |   299 |    26 ||   481
Dodge: Dodged            |    18 |    45 |   134 |   381 |   668 |    73 ||  1319
       Deflected         |       |       |       |       |     9 |     2 ||    11
Block: Shield            |    48 |    89 |   125 |   140 |   769 |    81 ||  1252
       Rpst.: Long sword |     7 |    14 |    10 |       |       |       ||    31
       Scimitar          |       |       |       |    29 |   185 |    17 ||   231
